 Dungeon Crawl Stone Soup version 0.29.1-15-g9cfb28693d (webtiles) character file.

Game seed: 2917598753262015344

15012 112233 the Thaumaturge (level 11, -4/68 HPs)
             Began as a Deep Elf Conjurer on Feb 24, 2023.
             Was a Priest of Vehumet.
             Slain by a seven-headed hydra (6 damage)
             ... on level 11 of the Dungeon.
             The game lasted 00:20:58 (17859 turns).

112233 the Thaumaturge (Deep Elf Conjurer)         Turns: 17859, Time: 00:20:58

Health: -4/68      AC:  4    Str: 11    XL:     11   Next: 96%
Magic:  6/30       EV: 20    Int: 34    God:    Vehumet [***...]
Gold:   567        SH:  0    Dex: 19    Spells: 22/37 levels left

rFire   . . .      SeeInvis .   y - +5 dagger (elec)
rCold   . . .      Faith    .   (no shield)
rNeg    + . .      Spirit   .   v - +0 robe {rF+}
rPois   .          Reflect  .   O - +0 helmet
rElec   .          Harm     .   G - scarf {shadows}
rCorr   .          Rampage  .   (no gloves)
Will    +....                   t - +0 pair of boots
Stlth   ++........              (no amulet)
HPRegen 0.21/turn               M - +6 ring of dexterity
MPRegen 0.22/turn               d - ring of Azoklob {rF- rN+ Str+7 Int+6 Slay+2}

@: no status effects
A: no striking features
a: Renounce Religion


You were on level 11 of the Dungeon.
You worshipped Vehumet.
Vehumet was most pleased with you.
You visited 2 branches of the dungeon, and saw 13 of its levels.

You collected 840 gold pieces.
You spent 273 gold pieces at shops.

Inventory:

Hand Weapons
 y - a +5 dagger of electrocution (weapon)
Missiles
 w - 2 throwing nets
Armour
 a - a +0 robe
 t - a +0 pair of boots (worn)
 v - a +0 robe of fire resistance (worn)
 E - a scarf of harm
 G - a scarf of shadows (worn)
 O - a +0 helmet (worn)
 S - a +0 cloak of willpower
Magical Staves
 L - a staff of cold
Jewellery
 d - the ring of Azoklob (right hand) {rF- rN+ Str+7 Int+6 Slay+2}
   (You acquired it on level 5 of the Dungeon)

   [ring of intelligence]

   Str:       It affects your strength (+7).
   Int:       It affects your intelligence (+6).
   Slay:      It affects your accuracy & damage with ranged weapons and melee
   (+2).
   rF:        It makes you vulnerable to fire.
   rN:        It protects you from negative energy.
 i - a ring of protection from fire
 M - a +6 ring of dexterity (left hand)
 Q - a ring of ice
Wands
 p - a wand of flame (76) (quivered)
 A - a wand of iceblast (5)
Scrolls
 j - 2 scrolls of enchant weapon
 l - 6 scrolls of teleportation
 m - a scroll of blinking
 n - a scroll of brand weapon
 r - a scroll of summoning
 u - 2 scrolls of noise {unknown}
 x - 4 scrolls of amnesia
 B - 2 scrolls of torment
 C - a scroll of immolation {unknown}
 D - 3 scrolls of fear {unknown}
 H - 2 scrolls of enchant armour {unknown}
 I - 2 scrolls of fog {unknown}
 K - a scroll of poison {unknown}
Potions
 b - a potion of magic
 c - 6 potions of curing
 e - a potion of mutation {unknown}
 f - 4 potions of brilliance
 g - 4 potions of haste
 h - 5 potions of might
 k - 2 potions of attraction {unknown}
 o - 3 potions of flight {unknown}
 q - a potion of berserk rage {unknown}
 s - a potion of heal wounds
 z - a potion of ambrosia {unknown}
 F - a potion of resistance {unknown}
 J - a potion of lignification {unknown}
 P - 2 potions of degeneration {unknown}


   Skills:
 + Level 7.9 Fighting
 + Level 11.6 Dodging
 - Level 2.8 Stealth
 + Level 13.5 Spellcasting
 + Level 11.3 Conjurations
 - Level 2.8 Air Magic


You had 22 spell levels left.
You knew the following spells:

 Your Spells              Type           Power      Damage    Failure   Level
a - Magic Dart            Conj           100%       1d8       0%          1
b - Searing Ray           Conj           100%       2d8       1%          2
c - Iskenderun's Mystic   Conj/Tloc      57%        2d12      1%          4
d - Fulminant Prism       Conj/Hex       28%        3d14      1%          4
e - Airstrike             Air            21%        2d(3-19)  1%          4

Your spell library contained the following spells:

 Spells                   Type           Power      Damage    Failure   Level
 Flame Wave               Conj/Fire      57%        2d14      1%          4
 Necrotise                Necr           88%        1d8       1%          1
 Shock                    Conj/Air       100%       1d9       1%          1
 Dazzling Flash           Conj/Hex       100%       N/A       1%          3
 Stone Arrow              Conj/Erth      100%       3d13      1%          3
 Swiftness                Air            42%        N/A       1%          3
 Ozocubu's Armour         Ice            22%        N/A       5%          3
 Portal Projectile        Hex/Tloc       44%        N/A       5%          3
 Tukima's Dance           Hex            22%        N/A       5%          3
 Vampiric Draining        Necr           22%        2d7       5%          3
 Summon Lightning Spire   Summ/Air       32%        N/A       11%         4
 Anguish                  Hex/Necr       11%        N/A       19%         4
 Animate Armour           Summ/Erth      44%        N/A       19%         4
 Agony                    Necr           22%        N/A       45%         5
 Blade Hands              Tmut           11%        N/A       45%         5
 Metabolic Englaciation   Hex/Ice        11%        N/A       45%         5
 Lehudib's Crystal Spear  Conj/Erth      28%        10d8      94%         8
 Simulacrum               Ice/Necr       11%        N/A       96%         6
 Ozocubu's Refrigeration  Ice            11%        4d9       97%         7
 Enfeeble                 Hex            11%        N/A       100%        7
 Storm Form               Tmut/Air       16%        N/A       100%        7
 Maxwell's Capacitive Co  Air            21%        ∞         100%        8


Dungeon Overview and Level Annotations

Branches:
Dungeon (11/15)            Temple (0/1) D:6            Lair (0/5) D:8
    Orc (2/2) D:9
    Elf: Orc:2

Altars:
Fedhas
Okawaru
Ru
Uskayaw
Vehumet
Xom

Shops:
D:7 *

Annotations:
D:4 exclusion: downstairs, Dowan, Duvessa
D:8 exclusion: downstairs
Orc:1 1 runed translucent door, exclusion: 2 downstairs


Message History

You erupt in a blast of force!
The mystic blast hits the seven-headed hydra!
The seven-headed hydra is lightly wounded.
The seven-headed hydra barely misses you. x3
The seven-headed hydra misses you. The seven-headed hydra bites you!
The seven-headed hydra barely misses you.
The seven-headed hydra bites you!
Unknown command.
Casting: Iskenderun's Mystic Blast (dangerous; 1% risk of failure)
Confirm with . or Enter, or press ? or * to list all spells.
You erupt in a blast of force!
The mystic blast hits the troll!
The troll is moderately wounded.
The troll is knocked back by the mystic blast.
The mystic blast hits the seven-headed hydra!
The seven-headed hydra is moderately wounded.
The seven-headed hydra is knocked back by the mystic blast.
Unknown command.
Casting: Iskenderun's Mystic Blast (dangerous; 1% risk of failure)
Confirm with . or Enter, or press ? or * to list all spells.
You erupt in a blast of force!
The mystic blast hits the seven-headed hydra!
The seven-headed hydra is heavily wounded.
The seven-headed hydra bites you. The seven-headed hydra bites you!
* * * LOW HITPOINT WARNING * * *
The seven-headed hydra closely misses you.
The seven-headed hydra bites you but does no damage.
The seven-headed hydra closely misses you.
The seven-headed hydra bites you.
* * * LOW HITPOINT WARNING * * *
The seven-headed hydra bites you.
* * * LOW HITPOINT WARNING * * *
The seven-headed hydra barely misses you.
The seven-headed hydra completely misses you.
The seven-headed hydra barely misses you.
The seven-headed hydra misses you.
The seven-headed hydra completely misses you.
The seven-headed hydra bites you!
* * * LOW HITPOINT WARNING * * *
The seven-headed hydra bites you.
You die...

#..# #..## #...#
#..## #######..#
#.....#..#
#.....'..# +#
##....#..#####.#####
#....#...@DT.......
######...##.#†.....
.........+.†....
..........#......
...........#..>...
...........#......
...........#......
######+#


You could see a seven-headed hydra and a troll.

Vanquished Creatures
  An ettin (Orc:1)
  A two-headed ogre (D:9)
  An orc high priest (Orc:1)
  A sixfirhy (D:8)
  An orc knight (Orc:1)
  An orc sorcerer (Orc:1)
  Maurice (D:10)
  A komodo dragon (D:8)
  2 trolls
  Grinder (D:4)
  Sigmund (D:4)
  A wraith (D:10)
  26 yaks
  Eustachio (D:5)
  2 vampire mosquitoes (D:11)
  4 steam dragons
  3 wargs
  An acid dragon (D:10)
  Menkaure (D:6)
  2 water moccasins
  11 orc warriors
  A sky beast (D:7)
  4 black bears
  An ice beast (D:8)
  5 ogres
  3 centaurs
  6 bullfrogs
  2 kobold brigands
  Blork the orc (D:5)
  A gnoll sergeant (D:9)
  3 scorpions
  4 wights (D:7)
  11 killer bees
  2 electric eels (D:8)
  2 jellies
  2 gnoll boudas
  7 orc priests
  5 hounds
  Ijyb (D:5)
  Natasha (thrice) (D:4)
  3 iguanas
  10 orc wizards
  4 adders
  12 gnolls
  A shadow imp (D:8)
  A white imp (D:6)
  An ufetubus (D:6)
  40 orcs
  9 ball pythons
  4 bats
  7 endoplasms
  2 giant cockroaches
  10 goblins
  9 hobgoblins
  11 jackals
  5 quokkas
  5 frilled lizards
  13 kobolds
  6 rats (D:1)
281 creatures vanquished.

Vanquished Creatures (others)
  A gnoll (D:7)
  71 fulminant prisms
  39 plants
111 creatures vanquished.

Grand Total: 392 creatures vanquished

Notes
Turn   | Place    | Note
-------+----------+-------------------------------------------
     0 | D:1      | 112233 the Deep Elf Conjurer began the quest for the Orb.
     0 | D:1      | Reached XP level 1. HP: 10/10 MP: 6/6
   213 | D:1      | Reached XP level 2. HP: 15/15 MP: 6/8
   336 | D:1      | Learned a level 2 spell: Searing Ray
   597 | D:1      | Found a faded altar of an unknown god.
   794 | D:1      | Reached skill level 4 in Spellcasting
  1162 | D:2      | Reached XP level 3. HP: 19/19 MP: 8/10
  1629 | D:2      | Found a shimmering altar of Xom.
  2039 | D:3      | Reached skill level 5 in Spellcasting
  2052 | D:3      | Reached XP level 4. HP: 24/24 MP: 1/13
  2270 | D:4      | Noticed Sigmund
  2271 | D:4      | Noticed Grinder
  3240 | D:3      | Learned a level 4 spell: Iskenderun's Mystic Blast
  3245 | D:3      | Learned a level 4 spell: Fulminant Prism
  3296 | D:4      | Noticed an orc warrior
  3347 | D:4      | Reached skill level 6 in Spellcasting
  3369 | D:4      | Killed Sigmund
  3370 | D:4      | Reached skill level 1 in Fighting
  3370 | D:4      | Reached skill level 5 in Conjurations
  3370 | D:4      | Reached XP level 5. HP: 29/29 MP: 0/16
  3370 | D:4      | Reached XP level 6. HP: 34/34 MP: 0/17
  3821 | D:5      | Entered Level 5 of the Dungeon
  3821 | D:5      | Noticed Blork the orc
  3839 | D:4      | Killed Grinder
  3840 | D:4      | Reached skill level 7 in Spellcasting
  4019 | D:4      | Reached XP level 7. HP: 40/40 MP: 12/19
  4632 | D:4      | Noticed Natasha
  4637 | D:4      | Killed Natasha
  4646 | D:3      | Reached skill level 5 in Dodging
  4904 | D:4      | Noticed Natasha
  4909 | D:4      | Killed Natasha
  4918 | D:4      | Noticed Natasha
  5105 | D:4      | Killed Natasha
  5257 | D:4      | Noticed Duvessa
  5260 | D:4      | Noticed Dowan
  5295 | D:5      | Reached skill level 8 in Spellcasting
  5295 | D:5      | Reached XP level 8. HP: 46/46 MP: 15/22
  5529 | D:5      | Noticed Ijyb
  5533 | D:5      | Killed Ijyb
  5646 | D:5      | Identified a scroll of acquirement
  5650 | D:5      | Acquired the ring of Azoklob {rF- rN+ Str+7 Int+6 Slay+2}
  5801 | D:5      | Killed Blork the orc
  5816 | D:5      | Noticed Eustachio
  5830 | D:5      | Killed Eustachio
  6614 | D:6      | Reached skill level 9 in Spellcasting
  6618 | D:6      | Noticed Menkaure
  6910 | D:6      | Killed Menkaure
  7048 | D:6      | Found a radiant altar of Vehumet.
  7067 | D:6      | Became a worshipper of Vehumet
  7104 | D:6      | Found a faded altar of an unknown god.
  7124 | D:6      | Reached XP level 9. HP: 52/52 MP: 17/24
  7240 | D:6      | Noticed a troll
  7320 | D:6      | Killed a troll
  7878 | D:6      | Found a staircase to the Ecumenical Temple.
  8490 | D:7      | Reached skill level 5 in Fighting
  8490 | D:7      | Reached skill level 10 in Spellcasting
  9251 | D:7      | Reached * piety under Vehumet
  9251 | D:7      | Offered knowledge of Sandblast by Vehumet.
  9637 | D:7      | Found Fato's Assorted Antiques.
  9781 | D:7      | Bought an orange potion for 20 gold pieces
  9781 | D:7      | Bought a glowing scarf for 184 gold pieces
  9781 | D:7      | Bought a scroll labelled GYEZIM XOTWOD for 23 gold pieces
  9781 | D:7      | Bought a scroll labelled YMUD CUTUAD for 23 gold pieces
  9781 | D:7      | Bought a scroll labelled YBREFR AH QAMUPP for 23 gold
                  | pieces
  9822 | D:7      | Found a sacrificial altar of Ru.
 10514 | D:8      | Reached XP level 10. HP: 59/59 MP: 13/26
 10968 | D:8      | Found a staircase to the Lair.
 11171 | D:8      | Reached skill level 11 in Spellcasting
 11541 | D:8      | Found a runed translucent door.
 11541 | D:8      | Noticed a sixfirhy
 12095 | D:8      | Killed a sixfirhy
 12301 | D:9      | Noticed a two-headed ogre
 12312 | D:9      | Killed a two-headed ogre
 12630 | D:9      | Found a blossoming altar of Fedhas.
 12645 | D:9      | Reached skill level 10 in Dodging
 12660 | D:9      | Reached skill level 12 in Spellcasting
 12660 | D:9      | Reached skill level 10 in Conjurations
 13392 | D:9      | Reached XP level 11. HP: 59/66 MP: 21/29
 13414 | D:9      | Reached ** piety under Vehumet
 13638 | D:9      | Offered knowledge of Freeze by Vehumet.
 13990 | D:9      | Found a staircase to the Orcish Mines.
 14508 | D:9      | Found an iron altar of Okawaru.
 14511 | D:9      | Found a hide-covered altar of Uskayaw.
 14552 | D:10     | Entered Level 10 of the Dungeon
 14732 | D:9      | Learned a level 4 spell: Airstrike
 14958 | D:10     | Reached skill level 1 in Air Magic
 15230 | D:10     | Noticed Maurice
 15240 | D:10     | HP: 3/67 [acid dragon (3)]
 15243 | D:10     | Killed Maurice
 15884 | Orc:1    | Entered Level 1 of the Orcish Mines
 15884 | Orc:1    | Noticed an orc sorcerer
 15887 | Orc:1    | Noticed an ettin
 15888 | Orc:1    | Killed an orc sorcerer
 15898 | Orc:1    | Killed an ettin
 15898 | Orc:1    | Offered knowledge of Static Discharge by Vehumet.
 15899 | Orc:1    | Reached skill level 13 in Spellcasting
 16387 | Orc:1    | Noticed an orc knight
 16400 | Orc:1    | Killed an orc knight
 16414 | Orc:1    | Reached *** piety under Vehumet
 16857 | Orc:1    | Noticed an orc high priest
 16871 | Orc:1    | Killed an orc high priest
 17308 | Orc:1    | Found a runed translucent door.
 17311 | Orc:1    | Noticed a balrug
 17311 | Orc:1    | Found the +14 obsidian axe {vorpal, Mesm Drain Fly SInv}
 17461 | Orc:2    | Entered Level 2 of the Orcish Mines
 17462 | Orc:2    | Noticed an orc warlord
 17475 | Orc:1    | Offered knowledge of Flame Wave by Vehumet.
 17594 | Orc:2    | Noticed an orc knight
 17594 | Orc:2    | Noticed an orc warlord
 17843 | D:11     | Noticed a seven-headed hydra
 17859 | D:11     | HP: 2/68 [seven-headed hydra (12)]
 17859 | D:11     | Slain by a seven-headed hydra

Illustrated notes

Levels and vault maps discovered:
D:1:      amcnicky_arrival_choice, layout_loops_cross,
          dreamdust_ecumenical_altar_grove
D:2:      layout_basic, basic_altar, grunt_ministairs_2, minmay_quadrilaterals
D:3:      layout_loops_cross
D:4:      layout_cave_pools, uniq_duvessa, uniq_sigmund, uniq_grinder,
          uniq_natasha
D:5:      layout_loops_corners, nicolae_elevator_lobby_asterisk, uniq_eustachio,
          uniq_blork_the_orc, uniq_ijyb
D:6:      layout_cave_pools, vehumet_altar_wand_db, minmay_temple_entry_tees,
          serial_column_ruins, column_ruins_circle_medium,
          column_ruins_temple_hut, column_ruins_grid_1,
          column_ruins_corridor_corner, column_ruins_open_tiny,
          column_ruins_open_tiny, column_ruins_grid_1, uniq_menkaure
D:7:      layout_cave_pods, kennysheep_mini_moat, serial_shops,
          nicolae_shop_overgrown_old_shop
D:8:      cheibrodos_shockbox, layout_loops_corners, david_lair_shrubbed,
          water_maze_lemuel
D:9:      kennysheep_blocky_hall, layout_gridville, minitemple
D:10:     layout_roguey, uniq_maurice
D:11:     layout_stronghold, minivault_23, cheibrodos_worm_habitat
Orc:1:    dreamdust_dug_too_deep, layout_caves
Orc:2:    st_orc_elflike, layout_caves

Skill      XL: |  1  2  3  4  5  6  7  8  9 10 11 |
---------------+----------------------------------+-----
Spellcasting   | 4 5 6 7 8 9 10 12 13 | 13.5
Fighting       | 1 2 3 4 5 6 7 |  7.9
Dodging        | 3 4 5 7 8 10 11 | 11.6
Conjurations   | 5 6 7 8 10 11 | 11.3
Air Magic      | 2 |  2.8
Stealth        | |  2.8

Action                   |  1- 3 |  4- 6 |  7- 9 | 10-12 || total
-------------------------+-------+-------+-------+-------++-------
Melee: Dagger            |       |       |     1 |       ||     1
 Cast: Magic Dart        |   101 |    65 |   178 |    55 ||   399
       Searing Ray       |       |     9 |    38 |    50 ||    97
       Fulminant Prism   |       |     2 |    28 |    41 ||    71
       Iskenderun's Myst |       |       |     1 |    64 ||    65
Evoke: Wand              |       |     2 |     8 |     7 ||    17
  Use: Scroll            |       |       |     6 |     5 ||    11
       Potion            |       |       |       |     4 ||     4
 Stab: Sleeping          |       |       |     1 |       ||     1
Armor: Robe              |     1 |     2 |     4 |     5 ||    12
Dodge: Dodged            |     5 |    22 |    58 |    76 ||   161
